Map: Lerilak Crest

Players

PtitDrogo - Winner!

  • Race: Protoss Protoss
  • League: Master

Neeblet (Neeb)

  • Race: Protoss Protoss
  • League: Grandmaster

Event: DreamHack ZOWIE Open Leipzig

VOD

Have the link to the VOD?

Description

Time

  • Played on: Jan. 22, 2016, 1:50 p.m.
  • Length: 14:43

All games in this series

Show
View Real Time Build Order
Export as new Build Order

PtitDrogo Protoss - Winner!

Build Orders:  

Get SALT Encoding   

  12  0:01  Probe (Chrono Boost)  
  13  0:11  Probe (Chrono Boost)  
  14  0:17  Pylon  
  14  0:22  Probe (Chrono Boost)  
  15  0:35  Probe (Chrono Boost)  
  16  0:36  Gateway  
  16  0:41  Assimilator  
  16  0:45  Probe (Chrono Boost)  
  17  0:50  Assimilator  
  17  0:56  Probe (Chrono Boost)  
  18  1:06  Probe (Chrono Boost)  
  18  1:08  Gateway  
  19  1:17  Probe (Chrono Boost)  
  20  1:25  Cybernetics Core  
  20  1:27  Probe (Chrono Boost)  
  21  1:38  Probe (Chrono Boost)  
  22  1:41  Pylon  
  22  1:48  Probe (Chrono Boost)  
  23  2:02  Mothership Core (Chrono Boost), Stalker  
  23  2:03  Stalker  
  29  2:10  Warp Gate (Chrono Boost)  
  29  2:19  Pylon  
  29  2:20  Probe (Chrono Boost)  
  30  2:31  Probe (Chrono Boost)  
  31  2:37  Stalker x2  
  35  2:44  Probe  
  35  2:49  Pylon  
  36  2:57  Probe  
  37  3:09  Probe  
  38  3:19  Nexus  
  38  3:21  Sentry  
  38  3:22  Sentry  
  42  3:29  Pylon  
  42  3:33  Probe  
  43  3:45  Probe (Chrono Boost)  
  44  3:51  Robotics Facility  
  44  3:57  Probe (Chrono Boost)  
  45  4:07  Probe (Chrono Boost)  
  45  4:08  Twilight Council  
  46  4:15  Stalker  
  48  4:18  Probe (Chrono Boost)  
  49  4:29  Probe (Chrono Boost)  
  49  4:30  Phoenix  
  51  4:31  Probe (Chrono Boost)  
  51  4:34  Stalker  
  53  4:39  Probe (Chrono Boost)  
  53  4:41  Probe (Chrono Boost)  
  55  4:46  Stalker  
  55  4:49  Probe (Chrono Boost)  
  55  4:50  Probe (Chrono Boost)  
  55  4:51  Observer (Chrono Boost)  
  60  4:55  Pylon  
  60  5:01  Stalker, Probe x2  
  62  5:10  Immortal (Chrono Boost)  
  62  5:12  Probe  
  62  5:13  Probe  
  68  5:23  Blink (Chrono Boost)  
  68  5:24  Probe  
  68  5:25  Probe  
  70  5:30  Phoenix  
  70  5:33  Nexus  
  70  5:37  Probe  
  70  5:38  Probe, Pylon  
  72  5:42  Immortal  
  72  5:49  Probe  
  77  5:51  Assimilator  
  77  5:54  Assimilator  
  77  6:04  Probe x2  
  79  6:12  Gateway  
  79  6:13  Gateway  
  79  6:17  Probe, Robotics Bay  
  80  6:21  Stalker  
  80  6:24  Probe  
  80  6:25  Pylon  
  83  6:31  Pylon  
  83  6:38  Stalker, Immortal  
  85  6:43  Probe  
  90  6:48  Probe  
  90  6:49  Probe  
  90  6:50  Stalker  
  94  6:56  Probe, Pylon  
  94  7:00  Probe  
  96  7:01  Probe  
  96  7:05  Pylon  
  97  7:08  Stalker x2  
  97  7:09  Stalker  
  101  7:17  Pylon  
  101  7:21  Disruptor  
  99  7:24  Stalker  
  99  7:29  Gateway  
  104  7:30  Gateway  
  104  7:32  Stalker  
  104  7:33  Stalker  
  104  7:34  Pylon  
  108  7:39  Stalker  
  110  7:48  Probe x2  
  110  7:50  Pylon  
  110  7:51  Stalker  
  114  7:52  Disruptor  
  114  7:53  Pylon  
  117  8:00  Stalker  
  117  8:01  Stalker  
  117  8:04  Probe, Assimilator  
  117  8:05  Assimilator  
  122  8:18  Stalker x2  
  122  8:19  Probe  
  103  8:27  Stalker x2  
  83  8:44  Observer  
  84  8:53  Mothership Core  
  84  8:54  Stalker x2  
  84  8:55  Stalker x2  
  94  8:58  Forge  
  94  9:00  Pylon  
  94  9:02  Pylon  
  89  9:10  Observer  
  89  9:18  Stalker  
  89  9:19  Stalker x4  
  89  9:23  Probe  
  100  9:34  Probe  
  101  9:45  Photon Cannon  
  101  9:48  Nexus, Disruptor  
  101  9:58  Stalker  
  106  10:07  Photon Cannon  
  106  10:10  Pylon  
  106  10:11  Protoss Ground Weapons Level 1 (Chrono Boost)  
  106  10:19  Disruptor  
  106  10:27  Photon Cannon  
  109  10:44  Robotics Facility  
  109  10:50  Disruptor  
  109  10:52  Stalker  
  109  10:53  Stalker x3  
  118  11:02  Stalker x2  
  117  11:23  Disruptor (Chrono Boost)  
  117  11:26  Photon Cannon  
  117  11:28  Stalker x2  
  117  11:29  Photon Cannon  
  122  11:39  Disruptor (Chrono Boost)  
  123  11:46  Photon Cannon  
  123  11:49  Stalker x4  
  123  11:53  Pylon  
  131  11:55  Pylon  
  131  11:57  Stalker  
  131  11:58  Mothership Core  
  135  12:15  Stalker x3  
  137  12:16  Stalker  
  137  12:21  Disruptor (Chrono Boost)  
  141  12:30  Disruptor (Chrono Boost)  
  141  12:33  Stalker  
  141  12:37  Zealot  
  141  12:42  Stalker x2  
  142  12:52  Zealot  
  142  12:53  Zealot  
  142  12:58  Stalker x2  
  144  13:08  Probe  
  145  13:16  Disruptor x2 (Chrono Boost)  
  149  13:20  Stalker x2  
  149  13:23  Stalker  
  155  13:39  Stalker x2  
  159  13:45  Disruptor  
  159  13:53  Observer  
  163  14:06  Nexus  
Show
View Real Time Build Order
Export as new Build Order

Neeblet Protoss 

Build Orders:  

Get SALT Encoding   

  12  0:01  Probe (Chrono Boost)  
  13  0:11  Probe (Chrono Boost)  
  14  0:19  Pylon  
  14  0:22  Probe (Chrono Boost)  
  15  0:37  Probe (Chrono Boost)  
  15  0:38  Gateway  
  16  0:48  Probe (Chrono Boost)  
  16  0:49  Assimilator  
  17  0:58  Probe (Chrono Boost)  
  17  0:59  Gateway  
  18  1:07  Assimilator  
  18  1:09  Probe (Chrono Boost)  
  19  1:19  Probe (Chrono Boost)  
  20  1:25  Cybernetics Core  
  20  1:30  Probe (Chrono Boost)  
  20  1:32  Pylon  
  21  1:40  Probe (Chrono Boost)  
  22  1:51  Probe (Chrono Boost)  
  23  2:03  Mothership Core (Chrono Boost), Stalker (Chrono Boost), Warp Gate (Chrono Boost)  
  27  2:12  Stalker (Chrono Boost)  
  29  2:16  Pylon  
  29  2:21  Probe (Chrono Boost)  
  32  2:38  Stalker (Chrono Boost)  
  32  2:41  Stalker (Chrono Boost)  
  34  3:15  Sentry x2  
  34  3:18  Nexus  
  38  3:20  Pylon  
  38  3:22  Pylon  
  38  3:33  Robotics Facility  
  38  3:37  Probe  
  39  3:49  Probe (Chrono Boost)  
  40  4:01  Probe (Chrono Boost)  
  41  4:04  Adept x2  
  45  4:12  Probe (Chrono Boost)  
  46  4:21  Observer (Chrono Boost)  
  46  4:23  Probe, Twilight Council  
  48  4:34  Probe, Adept x2  
  48  4:35  Probe  
  54  4:45  Probe  
  52  4:47  Probe  
  54  4:52  Immortal (Chrono Boost)  
  54  4:55  Probe  
  54  4:59  Probe  
  60  5:06  Probe  
  60  5:11  Probe  
  60  5:13  Blink (Chrono Boost)  
  56  5:16  Assimilator  
  56  5:19  Probe  
  57  5:23  Immortal, Probe  
  62  5:30  Gateway  
  62  5:31  Probe  
  62  5:35  Probe  
  64  5:41  Stalker x2  
  68  5:43  Probe  
  68  5:47  Probe  
  68  5:48  Assimilator  
  70  5:51  Pylon  
  70  5:53  Pylon  
  70  5:58  Gateway  
  70  6:04  Immortal  
  70  6:09  Probe  
  75  6:14  Gateway  
  75  6:21  Gateway  
  75  6:25  Gateway  
  75  6:31  Sentry  
  77  6:35  Pylon  
  77  6:38  Warp Prism  
  79  6:48  Stalker x2  
  79  6:53  Stalker  
  85  6:55  Stalker  
  87  7:02  Pylon  
  87  7:08  Dark Shrine  
  83  7:25  Stalker x3  
  83  7:26  Stalker x3  
  95  7:30  Stalker  
  97  7:41  Observer  
  97  7:53  Pylon  
  97  7:54  Pylon x2  
  97  8:15  Nexus  
  89  8:21  Stalker x4  
  89  8:22  Stalker x2  
  69  8:42  Dark Templar x2  
  69  8:43  Dark Templar  
  69  8:47  Probe x2  
  73  8:49  Dark Templar x2  
  77  9:01  Probe  
  78  9:06  Dark Templar  
  78  9:07  Probe  
  81  9:15  Immortal  
  81  9:17  Probe  
  82  9:20  Probe  
  83  9:27  Probe  
  77  9:33  Sentry  
  77  9:34  Stalker x3  
  79  9:48  Stalker  
  81  9:54  Immortal  
  81  9:55  Stalker  
  81  9:56  Stalker  
  89  10:08  Archon  
  89  10:11  Stalker x3, Pylon  
  95  10:19  Stalker  
  97  10:22  Stalker  
  99  10:33  Stalker x2, Warp Prism  
  105  10:43  Stalker  
  105  10:44  Stalker x2  
  110  10:52  Probe  
  110  10:55  Pylon  
  111  11:03  Stalker  
  111  11:04  Stalker x3  
  113  11:23  Stalker x3  
  113  11:25  Stalker x2  
  117  11:35  Stalker  
  117  11:36  Stalker  
  117  11:39  Probe x2  
  119  11:46  Probe  
  119  11:51  Probe, Assimilator x2  
  119  11:53  Probe  
  122  11:55  Robotics Bay  
  122  11:57  Probe, Observer  
  124  12:03  Probe  
  124  12:05  Probe  
  126  12:08  Adept x3  
  126  12:09  Adept x3  
  126  12:10  Adept  
  138  12:17  Probe  
  138  12:21  Immortal (Chrono Boost)  
  131  12:32  Stalker x3  
  117  12:58  Sentry  
  117  12:59  Disruptor (Chrono Boost)  
  120  13:08  Probe x2  
  117  13:15  Nexus  
  117  13:27  Nexus  
  117  13:29  Pylon  
  117  13:30  Disruptor (Chrono Boost)  
  116  13:50  Stalker  
  116  13:51  Stalker  
  120  13:59  Assimilator  
  120  14:01  Disruptor (Chrono Boost)  
  118  14:18  Stalker  
  118  14:19  Stalker  
  118  14:20  Stalker  
  112  14:37  Stalker x2  

Tags
 
Add a new tag
Caveats
  • Supply blocks, unpowered buildings, or Contaminate may cause inaccurate times.
  • Supply counts are checked every 10 seconds.